 Dungeon Sprint DCSS version 0.32-a0-995-gb4a59205af (webtiles) character file.

Game seed: 2361161777507328625

4400000 packetloss the Axe Maniac (level 24, -17/227 HPs)
             Began as a Formicid Fighter on Apr 23, 2024.
             Was the Champion of Makhleb.
             Demolished by a large bag of meat
             ... wielding a +9 giant spiked club
              (116 damage)
             ... in the Dungeon (Sprint VIII: "Arena of Blood").
             The game lasted 00:04:07 (44 turns).

packetloss the Axe Maniac (Formicid Fighter)          Turns: 44, Time: 00:04:08

Health: -17/227    AC: 13    Str: 31    XL:     24   Next: 81%
Magic:  23/54      EV: 22    Int: 10    God:    Makhleb [******]
Gold:   0          SH: 11    Dex: 13    Spells: 77/77 levels left

rFire   . . .        h - +∞ Axe of Woe
rCold   . . .        c - +0 buckler
rNeg    . . .        b - +0 scale mail
rPois   .            (helmet unavailable)
rElec   .            (no cloak)
rCorr   .            (no gloves)
SInv    +            (no boots)
Will    ++...        (no amulet)
Stlth   ++++++++     (no ring)
HPRegen 0.57/turn    (no ring)
MPRegen 0.34/turn

%: no passive effects
@: no status effects
A: permanent stasis, dig shafts and tunnels, antennae 3, four strong arms
a: Dig, Renounce Religion, Minor Destruction, Lesser Servant of Makhleb, Major
Destruction, Greater Servant of Makhleb


You were in the Dungeon.
You worshipped Makhleb.
Makhleb was exalted by your worship.
You visited 1 branch

Inventory:

Hand Weapons
 a - a +0 war axe
 h - the +∞ Axe of Woe (weapon)
   (You found it in the Dungeon)
Armour
 b - a +0 scale mail (worn)
 c - a +0 buckler (worn)
Jewellery
 i - a +30 ring of slaying
Potions
 d - a potion of might
 e - a potion of curing
 f - a potion of heal wounds
 g - 2 potions of magic


   Skills:
 O Level 27 Fighting
 + Level 9.1(10.7) Short Blades
 + Level 9.1(10.7) Long Blades
 O Level 27 Axes
 O Level 27 Maces & Flails
 O Level 27 Polearms
 O Level 27 Staves
 + Level 9.1 Ranged Weapons
 + Level 9.1 Throwing
 O Level 27 Armour
 O Level 27 Dodging
 O Level 27 Stealth
 O Level 27 Shields
 O Level 27 Unarmed Combat
 O Level 27 Spellcasting
 + Level 7.6 Conjurations
 + Level 10.0 Hexes
 + Level 8.3 Summonings
 + Level 8.3 Necromancy
 + Level 7.6 Translocations
 + Level 8.3 Fire Magic
 + Level 8.3 Ice Magic
 + Level 6.9 Air Magic
 + Level 10.0 Earth Magic
 + Level 10.9 Alchemy
 O Level 27 Invocations
 + Level 9.1 Evocations
 + Level 8.3 Shapeshifting


You had 77 spell levels left.
You didn't know any spells.
Your spell library was empty.

Dungeon Overview and Level Annotations

Branches:
Dungeon (1/1)

Altars:
Makhleb

Annotations:
D The Servant


Innate Abilities, Weirdness & Mutations

You cannot be hasted, slowed, berserked, paralysed or teleported.
You can dig through walls and to a lower floor.
You have a pair of large antennae on your head. (SInv)
Your four strong arms can wield two-handed weapons with a shield.


Message History

Makhleb accepts your kill.
The large bag of meat explodes!
The fiery explosion engulfs the bag of meat!!! x2
The fiery explosion engulfs you!
You hear a shout!
The bag of meat is engulfed in blazing flames.
The Servant is engulfed in blazing flames.
Your base Short Blades skill gained 2 levels and is now at level 9!
Your base Long Blades skill gained 2 levels and is now at level 9!
Your Ranged Weapons skill gained 2 levels and is now at level 9!
Your Throwing skill gained 2 levels and is now at level 9!
Your Conjurations skill increases to level 7!
Your Hexes skill gained 2 levels and is now at level 10!
Your Summonings skill gained 2 levels and is now at level 8!
Your Necromancy skill gained 2 levels and is now at level 8!
Your Translocations skill increases to level 7!
Your Fire Magic skill gained 2 levels and is now at level 8!
Your Ice Magic skill gained 2 levels and is now at level 8!
Your Air Magic skill increases to level 6!
Your Earth Magic skill gained 2 levels and is now at level 10!
Your Alchemy skill gained 2 levels and is now at level 10!
Your Evocations skill gained 2 levels and is now at level 9!
Your Shapeshifting skill gained 2 levels and is now at level 8!
Unknown command.
Press < or > to pray at altars.
Unknown command.
Press < or > to pray at altars.
A bag of meat comes into view. It is wielding a +9 war axe.
The meat berserker is engulfed in blazing flames.
The meat berserker misses you.
A large bag of meat comes into view. It is wielding a +9 giant spiked club.
The bag of meat is engulfed in blazing flames. x3
The bag of meat attacks as it pursues you!
The bag of meat hits you with a +9 war axe!!
The bag of meat is engulfed in blazing flames.
The destroyer points at you and mumbles some strange words.
The destroyer blinks!
The large bag of meat hits you with a +9 giant spiked club!!!! x2
Ouch! That really hurt!
You die...

,.....{ ..
#.o..,..#, o. #...
..#
.{.###...{{..###o
......o.###......
#.....§○)°.O....
..§.{,#O)o).#,
o....{#§§oo_# .
...V.o#§oO@.#....
#..Vooo@VoO.......
.....oo§###...§V..
...###☼§§ ,..###.O
..,, #...{{..# O
#.......#,{ {
.........
...........
........o.


You could see The Servant, 3 destroyers, 3 large bags of meat, 3 meat berserkers
and 11 bags of meat.

Vanquished Creatures
  3 vampire knights (D)
  15 ogres (D)
  5 two-headed ogres (D)
  34 orcs (D)
  A skeletal warrior (D)
58 creatures vanquished.

Notes
Turn   | Place    | Note
-------+----------+-------------------------------------------
     0 | D        | Found the +∞ Axe of Woe
     0 | D        | packetloss the Formicid Fighter began the quest for the
                  | Orb.
     0 | D        | Reached XP level 1. HP: 18/18 MP: 1/1
     1 | D        | Noticed a bag of meat
     1 | D        | Noticed a bag of meat
     2 | D        | Noticed a bag of meat
     3 | D        | Noticed a bag of meat
     3 | D        | Noticed a bag of meat
     3 | D        | Noticed a meat berserker
     4 | D        | Noticed a meat berserker
     4 | D        | Noticed a bag of meat
     4 | D        | Noticed a bag of meat
     5 | D        | Noticed a bag of meat
     6 | D        | Killed a meat berserker
     7 | D        | Reached skill level 27 in Axes
     7 | D        | Reached skill level 9 in Fighting
     7 | D        | Reached skill level 4 in Dodging
     7 | D        | Reached XP level 2. HP: 34/34 MP: 2/2
     7 | D        | Reached XP level 3. HP: 39/39 MP: 3/3
     7 | D        | Reached XP level 4. HP: 46/46 MP: 4/4
     7 | D        | Reached XP level 5. HP: 52/52 MP: 5/5
     7 | D        | Reached XP level 6. HP: 58/58 MP: 6/6
     7 | D        | Reached XP level 7. HP: 64/64 MP: 7/7
     7 | D        | Reached XP level 8. HP: 71/71 MP: 8/8
     7 | D        | Reached XP level 9. HP: 76/76 MP: 9/9
     7 | D        | Reached XP level 10. HP: 83/83 MP: 10/10
     7 | D        | Reached XP level 11. HP: 89/89 MP: 11/11
     7 | D        | Reached XP level 12. HP: 95/95 MP: 12/12
     7 | D        | Killed a meat berserker
     7 | D        | Killed a bag of meat
     7 | D        | Killed a bag of meat
     7 | D        | Noticed a meat berserker
     7 | D        | Noticed a meat berserker
     7 | D        | Noticed a meat berserker
     7 | D        | Noticed a bag of meat
     8 | D        | Reached skill level 20 in Fighting
     8 | D        | Reached skill level 16 in Dodging
     8 | D        | Reached XP level 13. HP: 128/128 MP: 13/13
     8 | D        | Reached XP level 14. HP: 136/136 MP: 14/14
     8 | D        | Killed a bag of meat
     9 | D        | Reached skill level 21 in Fighting
     9 | D        | Reached skill level 7 in Armour
     9 | D        | Reached skill level 17 in Dodging
     9 | D        | Reached skill level 8 in Shields
     9 | D        | Killed a bag of meat
    10 | D        | Reached skill level 22 in Fighting
    10 | D        | Reached skill level 9 in Armour
    10 | D        | Reached skill level 18 in Dodging
    10 | D        | Reached skill level 11 in Shields
    10 | D        | Reached XP level 15. HP: 146/146 MP: 15/15
    11 | D        | Reached skill level 11 in Armour
    11 | D        | Reached skill level 13 in Shields
    12 | D        | Reached skill level 23 in Fighting
    12 | D        | Reached skill level 13 in Armour
    12 | D        | Reached skill level 19 in Dodging
    12 | D        | Reached skill level 16 in Shields
    12 | D        | Killed a meat berserker
    12 | D        | Noticed a meat berserker
    13 | D        | Reached skill level 24 in Fighting
    13 | D        | Reached skill level 15 in Armour
    13 | D        | Reached skill level 20 in Dodging
    13 | D        | Reached skill level 18 in Shields
    13 | D        | Reached XP level 16. HP: 161/161 MP: 16/16
    13 | D        | Killed a meat berserker
    13 | D        | Killed a meat berserker
    14 | D        | Reached skill level 27 in Fighting
    14 | D        | Reached skill level 20 in Armour
    14 | D        | Reached skill level 23 in Dodging
    14 | D        | Reached skill level 23 in Shields
    14 | D        | Reached XP level 17. HP: 174/174 MP: 17/17
    15 | D        | Noticed a meat berserker
    16 | D        | Became a worshipper of Makhleb the Destroyer
    17 | D        | Noticed a meat berserker
    18 | D        | Reached skill level 21 in Armour
    18 | D        | Reached skill level 24 in Shields
    18 | D        | Reached * piety under Makhleb
    19 | D        | Reached skill level 22 in Armour
    19 | D        | Reached skill level 24 in Dodging
    19 | D        | Reached skill level 25 in Shields
    19 | D        | Noticed a meat berserker
    19 | D        | Noticed a destroyer
    19 | D        | Noticed a meat berserker
    20 | D        | Noticed a meat berserker
    20 | D        | Killed a meat berserker
    20 | D        | Noticed a meat berserker
    21 | D        | Reached skill level 23 in Armour
    21 | D        | Reached skill level 25 in Dodging
    21 | D        | Reached skill level 27 in Shields
    21 | D        | Reached XP level 18. HP: 154/182 MP: 18/18
    21 | D        | Killed a meat berserker
    21 | D        | Noticed a meat berserker
    22 | D        | Reached skill level 25 in Armour
    22 | D        | Reached skill level 26 in Dodging
    22 | D        | Killed a meat berserker
    22 | D        | Reached ** piety under Makhleb
    22 | D        | Noticed a large bag of meat
    23 | D        | Reached skill level 27 in Armour
    23 | D        | Reached skill level 27 in Dodging
    23 | D        | Reached skill level 14 in Invocations
    24 | D        | Killed a meat berserker
    24 | D        | Killed a meat berserker
    24 | D        | Reached *** piety under Makhleb
    25 | D        | Reached skill level 27 in Invocations
    25 | D        | Reached skill level 14 in Stealth
    25 | D        | Reached XP level 19. HP: 151/189 MP: 18/36
    26 | D        | Killed a meat berserker
    26 | D        | Killed a meat berserker
    26 | D        | Reached **** piety under Makhleb
    26 | D        | Killed a large bag of meat
    26 | D        | Killed a destroyer
    27 | D        | Reached skill level 27 in Stealth
    27 | D        | Reached skill level 13 in Maces & Flails
    27 | D        | Reached skill level 13 in Polearms
    27 | D        | Reached skill level 13 in Unarmed Combat
    27 | D        | Reached skill level 13 in Spellcasting
    27 | D        | Reached XP level 20. HP: 159/197 MP: 18/37
    28 | D        | Reached skill level 14 in Maces & Flails
    28 | D        | Reached skill level 14 in Polearms
    28 | D        | Reached skill level 14 in Unarmed Combat
    28 | D        | Reached skill level 14 in Spellcasting
    29 | D        | Reached ***** piety under Makhleb
    29 | D        | Killed a meat berserker
    30 | D        | Reached skill level 18 in Maces & Flails
    30 | D        | Reached skill level 18 in Polearms
    30 | D        | Reached skill level 18 in Unarmed Combat
    30 | D        | Reached skill level 18 in Spellcasting
    30 | D        | Reached XP level 21. HP: 106/204 MP: 19/43
    30 | D        | Noticed a meat berserker
    31 | D        | Reached skill level 20 in Maces & Flails
    31 | D        | Reached skill level 20 in Polearms
    31 | D        | Reached skill level 20 in Unarmed Combat
    31 | D        | Reached skill level 20 in Spellcasting
    32 | D        | Noticed a large bag of meat
    33 | D        | Killed a meat berserker
    33 | D        | Noticed a large bag of meat
    34 | D        | Reached skill level 22 in Maces & Flails
    34 | D        | Reached skill level 22 in Polearms
    34 | D        | Reached skill level 22 in Unarmed Combat
    34 | D        | Reached skill level 22 in Spellcasting
    34 | D        | Reached XP level 22. HP: 190/212 MP: 20/48
    34 | D        | Reached ****** piety under Makhleb
    35 | D        | Reached skill level 23 in Maces & Flails
    35 | D        | Reached skill level 23 in Polearms
    35 | D        | Reached skill level 23 in Unarmed Combat
    35 | D        | Reached skill level 23 in Spellcasting
    35 | D        | Noticed a destroyer
    35 | D        | Noticed a large bag of meat
    36 | D        | Noticed The Servant
    36 | D        | Noticed a meat berserker
    36 | D        | Noticed a large bag of meat
    36 | D        | Noticed a destroyer
    37 | D        | Killed a large bag of meat
    37 | D        | Noticed a meat berserker
    38 | D        | Reached skill level 24 in Maces & Flails
    38 | D        | Reached skill level 24 in Polearms
    38 | D        | Reached skill level 24 in Unarmed Combat
    38 | D        | Reached skill level 24 in Spellcasting
    38 | D        | HP: 50/212 [large bag of meat/+9 giant spiked club (21)]
    39 | D        | Killed a large bag of meat
    39 | D        | Noticed a large bag of meat
    40 | D        | Reached skill level 26 in Maces & Flails
    40 | D        | Reached skill level 26 in Polearms
    40 | D        | Reached skill level 26 in Unarmed Combat
    40 | D        | Reached skill level 26 in Spellcasting
    40 | D        | Reached XP level 23. HP: 122/219 MP: 21/53
    40 | D        | Killed a destroyer
    40 | D        | Killed a large bag of meat
    40 | D        | Noticed a destroyer
    41 | D        | Reached skill level 27 in Maces & Flails
    41 | D        | Reached skill level 27 in Polearms
    41 | D        | Reached skill level 27 in Unarmed Combat
    41 | D        | Reached skill level 27 in Spellcasting
    41 | D        | Reached skill level 25 in Staves
    41 | D        | Noticed a large bag of meat
    41 | D        | Noticed a destroyer
    42 | D        | Killed a destroyer
    42 | D        | Noticed a destroyer
    42 | D        | Noticed a destroyer
    43 | D        | Reached skill level 27 in Staves
    43 | D        | Reached skill level 7 in Short Blades
    43 | D        | Reached skill level 7 in Long Blades
    43 | D        | Reached skill level 7 in Ranged Weapons
    43 | D        | Reached skill level 7 in Throwing
    43 | D        | Reached skill level 6 in Conjurations
    43 | D        | Reached skill level 8 in Hexes
    43 | D        | Reached skill level 6 in Summonings
    43 | D        | Reached skill level 6 in Necromancy
    43 | D        | Reached skill level 6 in Translocations
    43 | D        | Reached skill level 6 in Fire Magic
    43 | D        | Reached skill level 6 in Ice Magic
    43 | D        | Reached skill level 5 in Air Magic
    43 | D        | Reached skill level 8 in Earth Magic
    43 | D        | Reached skill level 8 in Alchemy
    43 | D        | Reached skill level 7 in Evocations
    43 | D        | Reached skill level 6 in Shapeshifting
    43 | D        | Reached XP level 24. HP: 227/227 MP: 22/54
    43 | D        | Killed a large bag of meat
    44 | D        | Reached skill level 9 in Short Blades
    44 | D        | Reached skill level 9 in Long Blades
    44 | D        | Reached skill level 9 in Ranged Weapons
    44 | D        | Reached skill level 9 in Throwing
    44 | D        | Reached skill level 7 in Conjurations
    44 | D        | Reached skill level 10 in Hexes
    44 | D        | Reached skill level 8 in Summonings
    44 | D        | Reached skill level 8 in Necromancy
    44 | D        | Reached skill level 7 in Translocations
    44 | D        | Reached skill level 8 in Fire Magic
    44 | D        | Reached skill level 8 in Ice Magic
    44 | D        | Reached skill level 6 in Air Magic
    44 | D        | Reached skill level 10 in Earth Magic
    44 | D        | Reached skill level 10 in Alchemy
    44 | D        | Reached skill level 9 in Evocations
    44 | D        | Reached skill level 8 in Shapeshifting
    44 | D        | Noticed a large bag of meat
    44 | D        | Demolished by a large bag of meat

Illustrated notes

Levels and vault maps discovered:
D:        meatsprint

Skill      XL: |  1  2  3  4  5  6  7  8  9 10 11 12 13 14 15 16 17 18 19 20 21 22 23 24 |
---------------+-------------------------------------------------------------------------+-----
Axes           | 27 | 27.0
Fighting       | 9 20 22 24 27 | 27.0
Dodging        | 4 16 18 20 23 25 27 | 27.0
Armour         | 9 15 20 23 27 | 27.0
Shields        | 11 18 23 27 | 27.0
Invocations    | 27 | 27.0
Stealth        | 14 27 | 27.0
Maces & Flails | 13 18 22 26 27 | 27.0
Polearms       | 13 18 22 26 27 | 27.0
Unarmed Combat | 13 18 22 26 27 | 27.0
Spellcasting   | 13 18 22 26 27 | 27.0
Staves         | 27 | 27.0
Short Blades   | 7 9 |  9.1
Long Blades    | 7 9 |  9.1
Ranged Weapons | 7 9 |  9.1
Throwing       | 7 9 |  9.1
Conjurations   | 6 7 |  7.6
Hexes          | 8 10 | 10.0
Summonings     | 6 8 |  8.3
Necromancy     | 6 8 |  8.3
Translocations | 6 7 |  7.6
Fire Magic     | 6 8 |  8.3
Ice Magic      | 6 8 |  8.3
Air Magic      | 5 6 |  6.9
Earth Magic    | 8 10 | 10.0
Alchemy        | 8 10 | 10.9
Evocations     | 7 9 |  9.1
Shapeshifting  | 6 8 |  8.3

Action                     |  1- 3 |  4- 6 |  7- 9 | 10-12 | 13-15 | 16-18 | 19-21 | 22-24 || total
---------------------------+-------+-------+-------+-------+-------+-------+-------+-------++-------
  Melee: Executioner's axe |     1 |       |       |     1 |     5 |     7 |     5 |     6 ||    25
 Armour: Scale mail        |       |       |       |       |       |     2 |    10 |    14 ||    26
  Dodge: Dodged            |       |       |       |       |       |       |       |     1 ||     1
  Block: Buckler           |       |       |       |       |       |       |       |     1 ||     1

Table legend: (Time is in decaauts)
 A = Elapsed time spent in this place.
 B = Non-inter-level travel time spent in this place.
 C = Inter-level travel time spent in this place.
 D = Time resting spent in this place.
 E = Time spent auto-exploring this place.
 F = Levels seen in this place.
 G = Mean time per level.
                   A        B        C        D        E       F      G
               +--------+--------+--------+--------+--------+-----+--------+
         Total |     38 |     38 |      0 |      0 |      0 |   1 |   38.0 |
       Dungeon |     38 |     38 |      0 |      0 |      0 |   1 |   38.0 |
               +--------+--------+--------+--------+--------+-----+--------+

Top non-repeatable levels by time:
       D: 38 daAuts
